 Dungeon Crawl Stone Soup version 0.29.0-5-ge4962eb29e (webtiles) character file.

Game seed: 14433555306059527316

374 Ashtray the Trooper (level 7, -1/50 (56) HPs)
             Began as a Formicid Hunter on Aug 28, 2022.
             Killed from afar by Blork the orc (13 damage)
             ... with a bolt of light
             ... on level 4 of the Dungeon.
             The game lasted 00:14:29 (4116 turns).

Ashtray the Trooper (Formicid Hunter)               Turns: 4116, Time: 00:14:30

HP:   -1/50 (56)    AC:  7    Str: 22    XL:     7   Next: 3%
MP:   7/7           EV: 12    Int:  9    God:
Gold: 247           SH:  0    Dex: 21    Spells: 6/6 levels left

rFire   . . .      SeeInvis +   m - +9 whip of Quiescent Judgement {flame, *Noise Will+ Str+7 Dex+2}
rCold   . . .      Faith    .   (no shield)
rNeg    . . .      Spirit   .   c - +0 leather armour
rPois   .          Reflect  .   (helmet unavailable)
rElec   .          Harm     .   (no cloak)
rCorr   .          Rampage  .   d - +0 pair of gloves
Will    +....                   l - +2 pair of boots
Stlth   +.........              (no amulet)
HPRegen 0.16/turn               (no ring)
MPRegen 0.10/turn               (no ring)

@: confused, heavily drained
A: permanent stasis, dig shafts and tunnels, antennae 3, four strong arms
a: Dig, Shaft Self


You were on level 4 of the Dungeon.
You visited 1 branch of the dungeon, and saw 4 of its levels.

You collected 247 gold pieces.

Inventory:

Hand Weapons
 m - the +9 whip of Quiescent Judgement (weapon) {flame, *Noise Will+ Str+7 Dex+2}
   (You found it on level 2 of the Dungeon)

   It burns those it strikes, dealing additional fire damage.
   Str:       It affects your strength (+7).
   Dex:       It affects your dexterity (+2).
   *Noise:    It may make noises in combat.
   Will:      It increases your willpower.
Armour
 c - a +0 leather armour (worn)
 d - a +0 pair of gloves (worn)
 l - a +2 pair of boots (worn)
Jewellery
 e - a ring of protection from cold
Scrolls
 a - a scroll of enchant armour {unknown}
 b - a scroll of immolation
 j - a scroll of amnesia
 n - a scroll of brand weapon
 o - a scroll of enchant weapon {unknown}
 q - a scroll of magic mapping {unknown}
Potions
 f - a potion of invisibility {unknown}
 g - a potion of magic {unknown}
 h - 2 potions of attraction {unknown}
 i - 2 potions of curing
 p - a potion of lignification {unknown}


   Skills:
 + Level 5.5 Fighting
 - Level 3.5 Maces & Flails
 - Level 4.5 Ranged Weapons
 + Level 1.0 Armour
 + Level 2.1 Dodging
 - Level 1.2 Stealth


You had 6 spell levels left.
You didn't know any spells.
Your spell library was empty.

Dungeon Overview and Level Annotations

Branches:
Dungeon (4/15)
 Temple: D:4-7

Altars:

Annotations:
D:4 Blork the orc, Dowan, Duvessa


Innate Abilities, Weirdness & Mutations

You cannot be hasted, slowed, berserked, paralysed or teleported.
You can dig through walls and to a lower floor.
You have a pair of large antennae on your head. (SInv)
Your four strong arms can wield two-handed weapons with a shield.


Message History

Blork the orc begins to cast a cantrip, but forgets the words!
You hit Blork the orc. You burn Blork the orc.
Blork the orc is lightly wounded.
Blork the orc barely misses you.
You closely miss Blork the orc.
Blork the orc is lightly wounded.
Blork the orc gestures at you while chanting.
The puff of flame hits you!
* * * LOW HITPOINT WARNING * * *
Duvessa, Sister of Dowan comes into view.
She is wielding a +2 antimagic short sword.
Duvessa shouts!
Okay, then.
Blork the orc hits you with a +0 war axe.
* * * LOW HITPOINT WARNING * * *
Blork the orc attacks as you move away! Blork the orc barely misses you.
Blork the orc screams, "I'll make a cloak from your skin!"
Blork the orc zaps a wand.
The bolt of light misses you.
Blork the orc gestures at you while chanting.
The puff of flame hits you!
* * * LOW HITPOINT WARNING * * *
You feel much better. Blork the orc attacks as you move away!
Blork the orc misses you. Blork the orc barely misses you.
The goblin closely misses you. The goblin hits you but does no damage.
Blork the orc attacks as you move away!
Blork the orc hits you with a +0 war axe.
The goblin attacks as you move away! The goblin hits you but does no damage.
Blork the orc zaps a wand.
The bolt of light hits you!!
* * * LOW HITPOINT WARNING * * *
It was a potion of curing.
You feel better. Blork the orc closely misses you.
Blork the orc looks braver for a moment.
The goblin hits you but does no damage. The goblin attacks as you move away!
The goblin hits you with a +0 dagger.
* * * LOW HITPOINT WARNING * * *
Blork the orc zaps a wand.
The bolt of light misses you. The goblin attacks as you move away!
The goblin barely misses you. The goblin attacks as you move away!
The goblin closely misses you.
Blork the orc zaps a wand.
The bolt of light hits you!
You are confused.
You die...

................)...........
..#..........##.....###.......
.............##.....###'######
............##.....#......#
.##.##...##.........#..<...#
....................'.....##
....................#.....#
...................##.....#
.............@............#
.#####..###..##.##.########
.#.#####..###og##......
..........#.e....###.##
.....###.##......## #
............!........
.....####e#........... #.###
#.##.......... ....#
#..##...#.....


You could see Duvessa, Blork the orc (fast), Dowan and a goblin.

Vanquished Creatures
  2 scorpions (D:4)
  A jelly (D:4)
  2 orc priests
  An iguana (D:4)
  Robin (D:4)
  3 adders
  2 worms
  A dart slug (D:2)
  12 orcs
  5 endoplasms
  A giant cockroach (D:3)
  8 hobgoblins
  2 jackals (D:3)
  9 kobolds
  4 quokkas
  3 ball pythons
  2 bats
  5 frilled lizards
  17 goblins
  5 rats
86 creatures vanquished.

Vanquished Creatures (others)
  2 adders (D:4)
  An orc (D:4)
  A hobgoblin (D:4)
4 creatures vanquished.

Grand Total: 90 creatures vanquished

Notes
Turn   | Place    | Note
-------+----------+-------------------------------------------
     0 | D:1      | Ashtray the Formicid Hunter began the quest for the Orb.
     0 | D:1      | Reached XP level 1. HP: 16/16 MP: 1/1
   155 | D:1      | Reached XP level 2. HP: 21/23 MP: 2/2
   537 | D:1      | Reached skill level 3 in Fighting
   537 | D:1      | Reached XP level 3. HP: 27/29 MP: 3/3
  1159 | D:2      | Identified the +9 whip of Quiescent Judgement {flame,
                  | *Noise Will+ Str+7 Dex+2}
  1224 | D:2      | Reached XP level 4. HP: 35/35 MP: 4/4
  1479 | D:3      | Reached skill level 1 in Maces & Flails
  1510 | D:3      | Reached skill level 4 in Fighting
  1511 | D:3      | Reached XP level 5. HP: 33/42 MP: 5/5
  3013 | D:4      | Noticed Robin
  3058 | D:4      | Killed Robin
  3488 | D:4      | Noticed Dowan
  3635 | D:4      | Reached XP level 6. HP: 29/29 MP: 6/6
  3646 | D:4      | Reached skill level 5 in Fighting
  4022 | D:4      | Reached XP level 7. HP: 44/50 MP: 7/7
  4074 | D:4      | Reached skill level 1 in Armour
  4088 | D:4      | Noticed Blork the orc
  4104 | D:4      | Noticed Duvessa
  4116 | D:4      | Killed from afar by Blork the orc

Illustrated notes

Levels and vault maps discovered:
D:1:      lordsloth_arrival_two_stooges, layout_basic
D:2:      layout_rooms
D:3:      layout_loops_corners
D:4:      layout_basic, amethyst_overflow_temple_binary, lemuel_old_faithful,
          uniq_duvessa, uniq_grinder, uniq_blork_the_orc, uniq_robin

Skill      XL: |  1  2  3  4  5  6  7 |
---------------+----------------------+-----
Fighting       | 3 4 5 |  5.5
Maces & Flails | 1 2 3 |  3.5
Dodging        | 2 |  2.1
Armour         | 1 |  1.0
Ranged Weapons | |  4.5
Stealth        | |  1.2

Action                   |  1- 3 |  4- 6 |  7- 9 || total
-------------------------+-------+-------+-------++-------
Melee: Shortbow          |     6 |       |       ||     6
       Whip              |     7 |    97 |    11 ||   115
 Fire: Shortbow          |    54 |       |       ||    54
 Abil: Dig               |     2 |     3 |       ||     5
  Use: Scroll            |       |     4 |       ||     4
       Potion            |       |       |     3 ||     3
Armor: Leather armour    |     5 |    28 |     3 ||    36
Dodge: Dodged            |    15 |    46 |    13 ||    74
